Get step-by-step instructions on how to execute this build order below. Start the game timer, and the build order will tick by so you can play in parallel with StarCraft on a second screen or mobile device.

Game Time

  0:00

Last Step

  N/A

Next Step

Upcoming Step



Don't want to look back and forth between 2 screens? Try out our Overwolf App, the Spawning Tool Build Advisor to get an in-game overlay with this build!

Complete Build Order

  12  0:01  Drone  
  13  0:08  Drone  
  14  0:27  Spawning Pool  
  13  0:30  Drone  
  13  0:35  Extractor  
  13  0:38  Drone  
  14  0:46  Overlord  
  14  1:04  Drone x3  
  17  1:14  Queen  
  17  1:18  Drone  
  20  1:26  Drone  
  21  1:37  Drone  
  22  1:49  Overlord  
  22  1:52  Metabolic Boost  
  21  2:09  Drone  
  21  2:10  Hatchery  
  21  2:12  Zergling x2  
  22  2:21  Zergling x2  
  23  2:24  Lair  
  23  2:27  Drone  
  24  2:39  Drone x3  
  26  2:49  Zergling x2  
  27  3:04  Spine Crawler  
  27  3:05  Spine Crawler  
  25  3:08  Overlord  
  25  3:10  Overlord  
  25  3:31  Extractor  
  24  3:34  Zergling x6  
  24  3:35  Zergling x12  
  32  4:04  Drone  
  32  4:05  Drone x4  
  32  4:09  Drone x3  
  40  4:10  Drone  
  41  4:20  Extractor  
  41  4:24  Spire  
  39  4:25  Extractor  
  39  4:29  Drone  
  39  4:30  Drone  
  40  4:39  Drone  
  40  4:42  Queen  
  43  4:50  Drone  
  44  4:56  Overlord  
  44  4:58  Overlord  
  44  5:27  Drone x3  
  44  5:28  Drone  
  48  5:32  Drone x5  
  48  5:33  Drone  
  54  5:39  Mutalisk  
  56  5:45  Mutalisk  
  58  5:50  Mutalisk  
  58  5:55  Overlord x2  
  60  6:13  Mutalisk x2  
  60  6:14  Mutalisk x2  
  60  6:17  Mutalisk  
  70  6:20  Drone  
  70  6:21  Drone  
  70  6:23  Drone  
  70  6:25  Drone  
  74  6:32  Mutalisk  
  76  6:36  Overlord x2  
  76  7:03  Mutalisk  
  76  7:04  Mutalisk x7  
  58  7:35  Mutalisk x2  
  62  7:37  Zergling x8  
  62  7:38  Zergling x14  
  73  7:48  Drone x2  
  75  7:54  Drone  
  76  8:05  Drone x2  
  78  8:18  Zergling x2  
  78  8:19  Zergling x4  
  60  8:42  Drone x3  
  60  8:43  Drone x3  
  66  8:50  Spire  
  65  9:01  Zergling x2  
  65  9:02  Zergling x6  
  69  9:15  Drone x3  
  72  9:31  Hatchery  
  69  9:52  Zergling x12  
  75  10:07  Mutalisk  
  75  10:08  Mutalisk x4  
  85  10:17  Mutalisk x2  
  89  10:26  Zergling x4  
  91  10:42  Queen  
  91  10:43  Mutalisk  
  91  10:44  Mutalisk  
  91  10:46  Zergling x2  
  91  10:47  Overlord x4  
  98  10:58  Queen  
  76  11:04  Zergling x6  
  70  11:14  Mutalisk x2  
  74  11:25  Zergling x8  
  75  11:26  Zergling x2  
  75  11:30  Zergling x2  
  75  11:31  Zergling x6  
  83  11:37  Zergling x2  
  84  11:46  Zergling x2  
  85  11:47  Zergling x4  
  85  11:52  Drone x2, Extractor  
  85  11:53  Extractor  
  87  12:04  Zergling x14  
  87  12:05  Zergling x4  
  96  12:13  Zergling x4  
  96  12:14  Zergling x6  
  96  12:15  Zergling x2  
  102  12:17  Drone x2  
  104  12:24  Mutalisk  
  104  12:28  Mutalisk  
  104  12:29  Mutalisk  
  110  12:38  Mutalisk x2  
  110  12:44  Overlord x2  
  114  12:49  Zergling x6  
  114  12:50  Zergling x2  
  118  13:04  Zergling x20  
  128  13:08  Zergling x2  
  129  13:14  Zergling x2  
  129  13:15  Zergling x2  
  131  13:21  Zergling x4  
  133  13:32  Mutalisk x3  
  137  13:36  Mutalisk  
  137  13:38  Mutalisk  
  141  14:17  Hatchery, Zergling x2  
  141  14:18  Zergling x10  
  141  14:19  Overlord x7  
  141  14:20  Overlord x4  
  110  14:43  Mutalisk x5  
  116  15:03  Zergling x2  
  116  15:04  Mutalisk x2, Zergling x4  
  123  15:26  Mutalisk  
  123  15:28  Mutalisk  
  127  15:41  Mutalisk  
  129  16:11  Mutalisk x3  
  125  16:18  Zergling x2  
  125  16:19  Zergling x26  
  125  16:20  Zergling x12  
  145  16:38  Mutalisk x3  
  151  16:49  Mutalisk  
  151  16:52  Zergling x10  
  151  16:53  Zergling x8  
  162  17:02  Overseer  
  159  17:15  Overlord x3  
  87  17:30  Zergling x2  
  87  17:33  Zergling x2  
  87  17:34  Mutalisk  
  87  17:35  Mutalisk  
  90  18:00  Mutalisk x2  
  94  18:07  Extractor  
  94  18:08  Extractor  
  92  18:17  Queen  
  94  18:22  Queen  
  94  18:26  Drone x2  
  98  18:28  Drone  
  99  18:38  Drone  
  99  18:39  Drone x2  
  102  18:46  Mutalisk  
  104  18:54  Mutalisk  
  106  18:56  Mutalisk  
  108  19:07  Zerg Flyer Weapons Level 1, Mutalisk  
  110  19:22  Mutalisk  
  112  19:26  Overlord x2  
  112  20:06  Mutalisk x2  
  112  20:07  Mutalisk x4  
  114  20:09  Mutalisk  
  126  20:24  Mutalisk  
  128  20:30  Extractor  
  128  20:31  Extractor  
  128  20:32  Overlord x4  
  126  20:46  Mutalisk  
  128  20:57  Drone x6  
  130  20:58  Drone  
  130  20:59  Drone  
  136  21:05  Drone  
  136  21:10  Mutalisk  
  139  21:13  Drone  
  132  21:27  Mutalisk x2  
  132  21:29  Mutalisk  
  138  21:43  Queen  
  138  21:44  Mutalisk  
  142  21:51  Zerg Flyer Armor Level 1  
  142  22:15  Mutalisk x4  
  150  22:35  Mutalisk x3  
  154  23:13  Mutalisk x3  
  154  23:14  Hatchery  
  159  23:44  Overlord x5  
  159  23:45  Overlord  
  159  24:03  Mutalisk x3  
  165  24:13  Mutalisk